 Dungeon Crawl Stone Soup version 0.21.0-3-g78d12a8 (webtiles) character file.

297 robertstho the Firebug (level 6, 0/48 HPs)
             Began as a Deep Elf Fire Elementalist on Jan 15, 2018.
             Was an Initiate of Vehumet.
             Succumbed to a killer bee's poison
             ... on level 4 of the Dungeon.
             The game lasted 00:11:39 (2952 turns).

robertstho the Firebug (Deep Elf Fire Elementalist) Turns: 2952, Time: 00:11:39

Health: 0/48       AC: 23    Str:  5    XL:     6   Next: 12%
Magic:  0/14       EV:  2    Int: 22    God:    Vehumet [......]
Gold:   170        SH:  0    Dex: 15    Spells: 4/14 levels left

rFire    . . .     SeeInvis .   h - -1 hunting sling (curse)
rCold    . . .     Gourm    .   (no shield)
rNeg     + + +     Faith    .   (armour currently unavailable)
rPois    +         Spirit   .   (helmet currently unavailable)
rElec    .         Reflect  .   (cloak currently unavailable)
rCorr    .         Harm     .   (gloves currently unavailable)
MR       .....     NoTele   +   (boots currently unavailable)
Stlth    ++........             (no amulet)
HPRegen  0.16/turn              (no ring)
MPRegen  0.14/turn              (no ring)

@: lethally poisoned (0 -> -6), tree-form
A: no striking features
a: Renounce Religion


You were on level 4 of the Dungeon.
You worshipped Vehumet.
Vehumet was noncommittal.
You were very hungry.
You were a tree.
You visited 2 branches of the dungeon, and saw 5 of its levels.

You collected 170 gold pieces.

Inventory:

Hand Weapons
 h - a cursed -1 hunting sling (weapon)
 i - a +0 club
 n - a +0 short sword
 q - a +1 dagger of protection
 r - a cursed -1 hand axe
Missiles
 e - 23 bolts
 k - 8 tomahawks
 l - 22 poisoned needles
 o - 44 stones
 p - 2 tomahawks of returning (quivered)
Armour
 a - a +1 robe (melded)
Wands
 j - a wand of paralysis (16)
Scrolls
 g - 2 scrolls of teleportation
Potions
 d - a potion of lignification
 f - a potion of might
Books
 b - a book of Flames

   Spells                             Type                      Level
   a - Flame Tongue                   Conjuration/Fire             1
   b - Throw Flame                    Conjuration/Fire             2
   c - Conjure Flame                  Conjuration/Fire             3
   d - Inner Flame                    Hexes/Fire                   3
   e - Sticky Flame                   Conjuration/Fire             4
   f - Fireball                       Conjuration/Fire             5
Comestibles
 c - 7 rations


   Skills:
 + Level 0.4 Throwing
 + Level 2.9 Dodging
 - Level 2.4 Stealth
 + Level 4.6 Spellcasting
 + Level 3.5 Conjurations
 * Level 5.6 Fire Magic


You had 4 spell levels left.
You knew the following spells:

 Your Spells              Type           Power        Failure   Level  Hunger
a - Flame Tongue          Conj/Fire      ####.        1%          1    None
b - Throw Flame           Conj/Fire      ####..       2%          2    None
c - Conjure Flame         Conj/Fire      ####....     4%          3    ##.....
d - Sticky Flame          Conj/Fire      ####....     16%         4    ####...


Dungeon Overview and Level Annotations

Branches:
Dungeon (4/15)             Temple (1/1) D:4

Altars:
Elyvilon
Gozag
Hepliaklqana
Nemelex Xobeh
Okawaru
Qazlal
Vehumet
Xom
Yredelemnul
The Shining One
Jiyva

Annotations:
D:3 xfalz's ghost, amateur GnWn


Message History

The killer bee resists with some effort.
You feel sick. The killer bee stings you. The killer bee stings you!
Casting: Flame Tongue
Confirm with . or Enter, or press ? or * to list all spells.
Aiming: Flame Tongue
Press: ? - help, Shift-Dir - straight line, f/p - killer bee
Aim: a killer bee The flame tongue misses the killer bee.
You feel sick. The killer bee misses you. The killer bee stings you!
* * * LOW HITPOINT WARNING * * *
You are more poisoned.
The killer bee poisons you!
It was a potion of curing.
You feel better. The killer bee closely misses you. The killer bee stings you!
* * * LOW HITPOINT WARNING * * *
You are lethally poisoned!
The killer bee poisons you!
You turn into a tree.
Your +1 robe melds into your body.
Your roots penetrate the ground.
You die...

..# #..### #.
.....
#...#####...#
#(.<(y♣.#...#
#.#.#b###.#...#
#.#.#.##......#
#.........>...#
#....)b.......####
#.................
#............#####
#.>.....##.##
#.......# .#


You could see a killer bee.

Vanquished Creatures
  A scorpion (D:4)
  3 killer bees (D:4)
  A worker ant (Temple)
  2 adders (D:3)
  An ooze (D:1)
  A worm (D:2)
  2 dart slugs
  2 orcs
  8 bats
  5 giant cockroaches (D:1)
  8 goblins
  6 hobgoblins
  6 jackals (D:2)
  2 kobolds
  A ball python (D:3)
  4 frilled lizards
  10 rats
63 creatures vanquished.

Notes
Turn   | Place    | Note
-------+----------+-------------------------------------------
     0 | D:1      | robertstho the Deep Elf Fire Elementalist began the quest for the Orb.
     0 | D:1      | Reached XP level 1. HP: 10/10 MP: 6/6
   128 | D:1      | Reached XP level 2. HP: 15/15 MP: 6/8
   155 | D:1      | Reached skill level 4 in Fire Magic
   373 | D:1      | Learned a level 2 spell: Throw Flame
   638 | D:1      | Reached XP level 3. HP: 19/19 MP: 2/9
   643 | D:1      | Learned a level 3 spell: Conjure Flame
  1702 | D:2      | Found a glowing golden altar of the Shining One.
  2137 | D:3      | Noticed xfalz's ghost (amateur GnWn)
  2276 | D:3      | Reached XP level 4. HP: 24/24 MP: 7/11
  2295 | D:3      | Learned a level 4 spell: Sticky Flame
  2495 | D:4      | HP: 1/24 [scorpion (3)]
  2498 | D:4      | Reached skill level 5 in Fire Magic
  2498 | D:4      | Reached XP level 5. HP: 20/28 MP: 1/12
  2504 | D:4      | Found a staircase to the Ecumenical Temple.
  2779 | Temple   | Entered the Ecumenical Temple
  2905 | Temple   | Became a worshipper of Vehumet
  2939 | D:4      | Reached XP level 6. HP: 32/32 MP: 0/14
  2951 | D:4      | HP: 1/32 [killer bee (10)]
  2952 | D:4      | Succumbed to a killer bee's poison

Skill      XL: |  1  2  3  4  5 |
---------------+----------------+-----
Fire Magic     | 4 5 |  5.6
Conjurations   | 2 3 |  3.5
Spellcasting   | 4 |  4.6
Throwing       | |  0.4
Dodging        | |  2.9
Stealth        | |  2.4

Action                   |  1- 3 |  4- 6 || total
-------------------------+-------+-------++-------
Melee: Club              |     3 |       ||     3
 Fire: Hunting sling     |     5 |       ||     5
Throw: Tomahawk          |    12 |     8 ||    20
 Cast: Flame Tongue      |    62 |    36 ||    98
       Throw Flame       |    22 |     2 ||    24
       Conjure Flame     |       |     2 ||     2
  Use: Scroll            |     8 |     2 ||    10
       Potion            |       |     3 ||     3
  Eat: Chunk             |     5 |     1 ||     6
Armor: Robe              |     7 |     2 ||     9
Dodge: Dodged            |    22 |    12 ||    34
